 Dungeon Sprint DCSS version 0.28-a0-124-g73ec313a74 (webtiles) character file.

Game seed: 14178774195526032838

191 MikeHunt the Magician (level 6, -16/49 HPs)
             Began as a Djinni Ice Elementalist on Aug 15, 2021.
             Demolished by a shadow (21 damage)
             ... in the Dungeon (Sprint III: "The Ten Rune Challenge").
             The game lasted 00:04:22 (932 turns).

MikeHunt the Magician (Djinni Ice Elementalist)      Turns: 932, Time: 00:04:22

Health: -16/49     AC:  2    Str:  7    XL:     6   Next: 1%
Gold:   25         EV: 14    Int: 18    God:
                   SH:  0    Dex: 14

rFire   + + .      SeeInvis .   h - +0 mace
rCold   x . .      Faith    .   (no shield)
rNeg    . . .      Spirit   .   a - +0 robe
rPois   ∞          Reflect  .   (no helmet)
rElec   .          Harm     .   (no cloak)
rCorr   .          Rampage  .   (no gloves)
Will    .....      NoTele   +   (boots unavailable)
Stlth   +++.......              (no amulet)
HPRegen 0.16/turn               (no ring)
MPRegen 0.00/turn               (no ring)

@: on berserk cooldown, flying, slowed, very slow
A: sickness immunity, fire resistance 2, cold vulnerability 1, float, innate
caster, hp casting, extra vitality 1
a: no special abilities


You were in the Dungeon.
You visited 1 branch You collected 25 gold pieces.

Inventory:

Hand Weapons
 h - a +0 mace (weapon)
Armour
 a - a +0 robe (worn)
Scrolls
 f - a scroll of blinking
 i - a scroll of torment {unknown}
 j - a scroll of silence {unknown}
 k - a scroll of holy word {unknown}
 l - a scroll of identify {unknown}
Potions
 b - a potion of curing
 d - a potion of haste
 g - a potion of might {unknown}
 m - 5 potions of mutation


   Skills:
 + Level 4.8 Fighting
 + Level 5.8 Dodging
 + Level 4.8 Stealth
 * Level 6.4 Spellcasting


You had 3 spell levels left.
You knew the following spells:

 Your Spells              Type           Power      Damage    Failure   Level
a - Summon Small Mammal   Summ           100%       N/A       1%          1
b - Frozen Ramparts       Ice            56%        1d7       2%          3
c - Hailstorm             Conj/Ice       28%        3d8       9%          4
d - Passwall              Tmut/Erth      23%        N/A       1%          2
e - Freeze                Ice            100%       1d11      1%          1
x - Ozocubu's Armour      Ice            28%        N/A       2%          3
Your spell library was empty.

Dungeon Overview and Level Annotations

Branches:
Dungeon (1/1)

Altars:


Innate Abilities, Weirdness & Mutations

You are immune to sickness and miasma.
You are immune to poison.
Your flesh is very heat resistant. (rF++)
You are vulnerable to cold. (rC-)
You float through the air rather than walking.
You learn spells naturally, not from books.
Your magical power is your life essence.
You have superior vitality. (+4 HP)


Message History

* * * LOW HITPOINT WARNING * * *
You barely miss the shadow.
The shadow is severely damaged.
The shadow completely resists.
The wall freezes the shadow but does no damage.
The shadow slips into darkness.
The shadow flickers and vanishes!
Deactivating autopickup; reactivate with Ctrl-A.
Your frozen ramparts will break if you move.
Continue? [Y]es or [N]o only, please.
Your frozen ramparts will break if you move.
Continue? [Y]es or [N]o only, please.
Your frozen ramparts will break if you move.
Continue?
The frozen ramparts melt away as you move.
You feel a strong urge to attack something.
You are no longer berserk.
You are exhausted.
You feel yourself slow down.
You feel much better.
The shadow strikes at you from the darkness!
* * * LOW HITPOINT WARNING * * *
Reactivating autopickup.
The shadow closely misses you.
The shadow slips into darkness.
The shadow flickers and vanishes!
Deactivating autopickup; reactivate with Ctrl-A.
Unknown command.
Casting: Freeze (safe; 1% risk of failure)
Confirm with . or Enter, or press ? or * to list all spells.
You can't see any susceptible monsters within range! (Use Z to cast anyway.)
There is a strange disturbance nearby!
Casting: Freeze (safe; 1% risk of failure)
Confirm with . or Enter, or press ? or * to list all spells.
Casting: Hailstorm (dangerous; 9% risk of failure)
Press: ? - help, Dir - look around, f - activate A cannonade of hail descends around you!
The hail pelts something.
* * * LOW HITPOINT WARNING * * *
The shadow strikes at you from the darkness!
You die...

▓▓▓ ▓▓▓ ..#### ##.#
.)...#####..#
......#.!#..#
.##...#..#..###+#+###+##
.###..##'#..#..........#
#.##..###...'.⌠.@......#
.##..####...#...######'#
.##..###....#.⌠.# #...#
##...##.....#...# #...#
#....#......#+### #...#
#..##.#.....# #...+ #..
####....# +...# ▓▓▓
▓▓▓▓▓▓ ▓▓▓▓▓


There were no monsters in sight!

Vanquished Creatures
  A scorpion (D)
  A water elemental (D)
  A jelly (D)
  Jessica (D)
  A human (D)
  An endoplasm (D)
  2 rats (D)
8 creatures vanquished.

Notes
Turn   | Place    | Note
-------+----------+-------------------------------------------
     0 | D        | MikeHunt the Djinni Ice Elementalist began the quest for
                  | the Orb.
     0 | D        | Reached XP level 1. HP: 15/15 MP: 0/0
   120 | D        | Noticed Jessica
   128 | D        | Killed Jessica
   129 | D        | Reached skill level 4 in Spellcasting
   129 | D        | Reached XP level 2. HP: 6/24 MP: 0/0
   129 | D        | Reached XP level 3. HP: 7/29 MP: 0/0
   129 | D        | Learned a level 1 spell: Summon Small Mammal
   679 | D        | Noticed a scorpion
   688 | D        | Killed a scorpion
   689 | D        | Reached skill level 5 in Spellcasting
   689 | D        | Reached XP level 4. HP: 17/37 MP: 0/0
   689 | D        | Reached XP level 5. HP: 19/41 MP: 0/0
   689 | D        | Learned a level 2 spell: Passwall
   854 | D        | Noticed a water elemental
   866 | D        | Killed a water elemental
   867 | D        | Reached skill level 5 in Dodging
   867 | D        | Reached skill level 6 in Spellcasting
   904 | D        | Reached XP level 6. HP: 40/49 MP: 0/0
   911 | D        | Noticed a shadow
   924 | D        | HP: 3/73 [shadow (13)]
   932 | D        | Demolished by a shadow

Illustrated notes

Levels and vault maps discovered:
D:        dungeon_sprint_mu [sprint_mu_entry_cave, sprint_mu_temple_rooms,
          sprint_mu_d1_horrors, sprint_mu_d2_genie, sprint_mu_d3_branching,
          sprint_mu_orc_legion, sprint_mu_elf_gauntlet, sprint_mu_hive_nellie,
          sprint_mu_lair_fedhas, sprint_mu_vaults_butterflies,
          sprint_mu_slime_circle, sprint_mu_swamp_cave, sprint_mu_shoals_kraken,
          sprint_mu_blade_basic, sprint_mu_crypt_fortress,
          sprint_mu_tomb_spiral, sprint_mu_vestibule_basic,
          sprint_mu_gehenna_hellfire, sprint_mu_dis_giant,
          sprint_mu_tartarus_statrot, sprint_mu_cocytus_islands, sprint_mu_zot1]

Skill      XL: |  1  2  3  4  5 |
---------------+----------------+-----
Fighting       | 2 3 4 |  4.8
Dodging        | 3 4 5 |  5.8
Stealth        | 2 3 4 |  4.8
Spellcasting   | 4 5 6 |  6.4

Action                   |  1- 3 |  4- 6 || total
-------------------------+-------+-------++-------
Melee: Mace              |       |     4 ||     4
 Cast: Freeze            |    12 |    10 ||    22
       Frozen Ramparts   |     2 |     2 ||     4
       Hailstorm         |       |     2 ||     2
  Use: Potion            |       |     2 ||     2
Dodge: Dodged            |     4 |    10 ||    14

Table legend: (Time is in decaauts)
 A = Elapsed time spent in this place.
 B = Non-inter-level travel time spent in this place.
 C = Inter-level travel time spent in this place.
 D = Time resting spent in this place.
 E = Time spent auto-exploring this place.
 F = Levels seen in this place.
 G = Mean time per level.
                   A        B        C        D        E       F      G
               +--------+--------+--------+--------+--------+-----+--------+
         Total |    931 |    931 |      0 |    760 |      0 |   1 |  931.0 |
       Dungeon |    931 |    931 |      0 |    760 |      0 |   1 |  931.0 |
               +--------+--------+--------+--------+--------+-----+--------+

Top non-repeatable levels by time:
       D: 931 daAuts
